 Dungeon Crawl Stone Soup version 0.25-a0-253-g6f1b5d974a (webtiles) character file.

Game seed: 9414424504968450841, levelgen mode: classic

331 Borgoz the Slasher (level 6, -2/37 HPs)
             Began as a Gargoyle Gladiator on Dec 5, 2019.
             Was an Initiate of Okawaru.
             Slain by a spiny frog (12 damage)
             ... in the Ecumenical Temple.
             The game lasted 00:06:18 (3126 turns).

Borgoz the Slasher (Gargoyle Gladiator)             Turns: 3126, Time: 00:06:18

Health: -2/37      AC: 12    Str: 19    XL:     6   Next: 52%
Magic:  6/6        EV: 12    Int:  9    God:    Okawaru [......]
Gold:   103        SH:  0    Dex: 11    Spells: 5/5 levels left

rFire    . . .     SeeInvis +   a - +0 long sword
rCold    . . .     Gourm    .   (no shield)
rNeg     + + .     Faith    +   b - +0 leather armour
rPois    ∞         Spirit   .   c - +0 helmet
rElec    +         Reflect  .   (no cloak)
rCorr    .         Harm     .   w - +2 pair of gloves
MR       .....                  (no boots)
Stlth    +.........             l - amulet of faith
HPRegen  0.12/turn              n - ring of positive energy
MPRegen  0.10/turn              u - ring of see invisible

@: very slightly contaminated, invisible
A: negative energy resistance 1, electricity resistance, unbreathing,
petrification resistance, rot immunity, AC +4
a: Renounce Religion


You were in the Ecumenical Temple.
You worshipped Okawaru.
Okawaru was noncommittal.
You were not hungry.

You visited 2 branches of the dungeon, and saw 5 of its levels.

You collected 103 gold pieces.

Inventory:

Hand Weapons
 a - a +0 long sword (weapon)
Missiles
 d - 3 throwing nets (quivered)
Armour
 b - a +0 leather armour (worn)
 c - a +0 helmet (worn)
 w - a +2 pair of gloves (worn)
Jewellery
 l - an amulet of faith (around neck)
 n - a ring of positive energy (left hand)
 u - a ring of see invisible (right hand)
 v - an uncursed amulet of guardian spirit
Wands
 p - a wand of polymorph (4)
Scrolls
 h - a scroll of random uselessness {unknown}
 k - a scroll of fear {unknown}
 m - a scroll of remove curse {unknown}
 s - a scroll of teleportation {unknown}
 t - a scroll of blinking {unknown}
Potions
 e - a potion of invisibility
 g - 2 potions of mutation
 j - a potion of degeneration {unknown}
 r - 2 potions of might {unknown}
Comestibles
 f - 10 rations


   Skills:
 + Level 3.5 Fighting
 * Level 4.3 Long Blades
 - Level 1.7 Throwing
 * Level 3.8 Armour
 + Level 3.2 Dodging


You had 5 spell levels left.
You didn't know any spells.
Your spell library was empty.

Dungeon Overview and Level Annotations

Branches:
Dungeon (4/15)             Temple (1/1) D:4

Altars:
Elyvilon
Fedhas
Gozag
Okawaru
Uskayaw
Xom


Innate Abilities, Weirdness & Mutations

You are resistant to torment.
Your stone body is resilient. (AC +4)
You are immune to poison.
You resist negative energy. (rN+)
You are resistant to electric shocks. (rElec)
You can survive without breathing.
You are immune to petrification.
You are immune to rotting.


Message History

The spriggan hits you!
There is a staircase to the Ecumenical Temple here.
The spriggan hits you but does no damage.
You climb downwards.
Welcome to the Ecumenical Temple!
Found four altars.
There is a staircase back to the Dungeon here.
Evoke which item? (* to show all) (? for menu, Esc to quit)
Aiming: Polymorph
Press: ? - help, Shift-Dir - straight line, f - spriggan
Aim: a spriggan (chance to defeat MR: 15%)
The spriggan resists with almost no effort.
The spriggan hits you!
* * * LOW HITPOINT WARNING * * *
Evoke which item? (* to show all) (? for menu, Esc to quit)
Aiming: Polymorph
Press: ? - help, Shift-Dir - straight line, f/p - spriggan
Aim: a spriggan (chance to defeat MR: 15%)
The spriggan evaporates and reforms as a spiny frog!
The spiny frog stings you!
You die...

...#. ##. #
.... .#..
.. .._
#.8.# ...
#.. #....
.... ..
#...# #....
.#...#
.._...#...#
#.@.#
#..F#..._..
#...#.
....# #...#
.. ....
....# ..#
... #.8.#
_.. .. ..#.
.... # .##
.#...


You could see a spiny frog.

Vanquished Creatures
  An ogre (D:4)
  A bullfrog (D:3)
  A scorpion (D:3)
  A worker ant (D:4)
  Robin (D:2)
  4 adders
  An ooze (D:2)
  A worm (D:2)
  A dart slug (D:2)
  4 leopard geckos
  5 orcs (D:3)
  A giant cockroach (D:2)
  12 goblins
  4 hobgoblins
  6 kobolds
  3 bats
  3 frilled lizards
  8 rats
58 creatures vanquished.

Notes
Turn   | Place    | Note
-------+----------+-------------------------------------------
     0 | D:1      | Borgoz the Gargoyle Gladiator began the quest for the Orb.
     0 | D:1      | Reached XP level 1. HP: 12/12 MP: 1/1
   112 | D:1      | Reached XP level 2. HP: 15/17 MP: 2/2
   172 | D:1      | Reached skill level 1 in Armour
   275 | D:1      | Reached skill level 3 in Long Blades
   487 | D:2      | Reached XP level 3. HP: 22/22 MP: 3/3
   580 | D:2      | Noticed Robin
  1009 | D:2      | Killed Robin
  1009 | D:2      | Reached XP level 4. HP: 23/27 MP: 4/4
  1175 | D:2      | Found a blossoming altar of Fedhas.
  1736 | D:3      | Found an iron altar of Okawaru.
  1740 | D:3      | Noticed a bullfrog
  1740 | D:3      | a ball python changed into a bullfrog
  1745 | D:3      | Killed a bullfrog
  1745 | D:3      | Reached XP level 5. HP: 30/32 MP: 5/5
  2088 | D:3      | Reached skill level 4 in Long Blades
  2748 | D:3      | Became a worshipper of Warmaster Okawaru
  2773 | D:4      | Reached XP level 6. HP: 37/37 MP: 6/6
  2799 | D:4      | Found a staircase to the Ecumenical Temple.
  3094 | D:4      | Noticed a hornet
  3094 | D:4      | an ogre changed into a hornet
  3098 | D:4      | Noticed a spriggan
  3098 | D:4      | a hornet changed into a spriggan
  3124 | Temple   | Entered the Ecumenical Temple
  3126 | Temple   | Noticed a spiny frog
  3126 | Temple   | a spriggan changed into a spiny frog
  3126 | Temple   | Slain by a spiny frog

Levels and vault maps discovered:
D:1:      dpeg_arrival_more_subterranean_lakeside_camping, layout_rooms
D:2:      layout_loops_corners, first_ration, lemuel_tele_altar, uniq_robin
D:3:      layout_basic, kennysheep_okawaru_gauntlet
D:4:      layout_cave_pools, minmay_temple_entry_waves, uniq_edmund
Temple:   eino_temple_rhombus

Skill      XL: |  1  2  3  4  5 |
---------------+----------------+-----
Armour         | 1 2 3 |  3.8
Long Blades    | 3 4 |  4.3
Fighting       | 3 |  3.5
Dodging        | 3 |  3.2
Throwing       | |  1.7

Action                   |  1- 3 |  4- 6 || total
-------------------------+-------+-------++-------
Melee: Long sword        |    77 |   101 ||   178
       Unarmed           |    14 |       ||    14
Throw: Throwing net      |       |     2 ||     2
Evoke: Wand              |       |    16 ||    16
  Use: Scroll            |       |     4 ||     4
       Potion            |       |     2 ||     2
  Eat: Chunk             |     1 |     6 ||     7
Armor: Leather armour    |    39 |    43 ||    82
Dodge: Dodged            |    81 |    70 ||   151
       Rpst.: Long sword |    29 |    16 ||    45

Table legend:
 A = Non-vault XP
 B = Vault XP
 C = Vault XP percentage of total XP
 D = Non-vault monster count
 E = Vault monster count
 F = Vault count percentage of total count
                 A         B        C        D         E       F
            +---------+---------+-------+---------+---------+-------
      Total |     349 |     125 |  26.4 |      43 |      15 |  25.9
            +---------+---------+-------+---------+---------+-------
        D:1 |      24 |       8 |  25.0 |      17 |       4 |  19.0
        D:2 |      65 |      28 |  30.1 |      11 |       9 |  45.0
        D:3 |     104 |      89 |  46.1 |      12 |       2 |  14.3
        D:4 |     156 |       0 |   0.0 |       3 |       0 |   0.0
            +---------+---------+-------+---------+---------+-------
